 Dungeon Crawl Stone Soup version 0.28.0-45-g0d030f2227 (webtiles) character file.

Game seed: 6268392484005116979

58 GigaChad the Shooter (level 3, 0/30 HPs)
             Began as a Minotaur Hunter on Apr 20, 2022.
             Was an Initiate of Makhleb.
             Slain by a goblin
             ... wielding a +0 dagger
             ... led by Robin
              (2 damage)
             ... on level 3 of the Dungeon.
             The game lasted 00:07:46 (2069 turns).

GigaChad the Shooter (Minotaur Hunter)              Turns: 2069, Time: 00:07:46

Health: 0/30       AC:  3    Str: 16    XL:     3   Next: 75%
Magic:  2/2        EV: 12    Int:  8    God:    Makhleb [......]
Gold:   87         SH:  0    Dex: 12    Spells: 2/2 levels left

rFire   . . .      SeeInvis .   g - +0 short sword (drain)
rCold   . . .      Faith    .   (no shield)
rNeg    . . .      Spirit   .   c - +0 leather armour
rPois   .          Reflect  .   (helmet restricted)
rElec   .          Harm     .   (no cloak)
rCorr   .          Rampage  .   (no gloves)
Will    .....                   (no boots)
Stlth   +.........              (no amulet)
HPRegen 0.10/turn               (no ring)
MPRegen 0.08/turn               (no ring)

@: no status effects
A: horns 2, retaliatory headbutt
a: Renounce Religion


You were on level 3 of the Dungeon.
You worshipped Makhleb.
Makhleb was noncommittal.
You visited 1 branch of the dungeon, and saw 3 of its levels.

You collected 87 gold pieces.

Inventory:

Hand Weapons
 a - a +1 shortbow
 b - a +0 short sword
 g - a +0 short sword of draining (weapon)
 j - a +0 short sword of freezing
Missiles
 d - 40 arrows
 o - 3 atropa-tipped darts
Armour
 c - a +0 leather armour (worn)
 q - a +1 pair of boots
Jewellery
 p - a ring of ice
Scrolls
 e - a scroll of summoning
 h - 3 scrolls of fear
 i - 2 scrolls of fog
 l - 3 scrolls of identify
 m - a scroll of teleportation {unknown}
Potions
 f - a potion of heal wounds {unknown}
 k - a potion of attraction {unknown}
 n - a potion of curing {unknown}


   Skills:
 + Level 2.7 Fighting
 + Level 5.6 Bows
 + Level 0.8 Armour
 + Level 2.2 Dodging
 + Level 1.1 Stealth


You had 2 spell levels left.
You didn't know any spells.
Your spell library was empty.

Dungeon Overview and Level Annotations

Branches:
Dungeon (3/15)

Altars:
Makhleb

Shops:
D:1 :

Annotations:
D:3 Robin


Innate Abilities, Weirdness & Mutations

You have a pair of horns on your head.
You reflexively headbutt those who attack you in melee.


Message History

You kill the goblin!
Makhleb accepts your kill.
You feel sick. The goblin hits you but does no damage.
You shoot an arrow. The arrow hits the goblin!
You kill the goblin!
Makhleb accepts your kill.
You feel sick. The goblin hits you but does no damage.
A goblin comes into view. It is wielding a +0 club.
You are too injured to fight recklessly!
You are too injured to fight recklessly!
You are too injured to fight recklessly!
There are monsters nearby!
You sense an unholy aura.
g - a +0 short sword of draining (weapon)
You feel sick.
You feel sick.
You hit the goblin. You headbutt the goblin.
You kill the goblin!
Makhleb accepts your kill.
You feel sick. The hobgoblin closely misses you. You furiously retaliate!
You headbutt the hobgoblin.
You feel sick.
You are no longer poisoned.
The goblin hits you with a +0 dagger. The hobgoblin hits you.
* * * LOW HITPOINT WARNING * * *
You see here a +0 club.
You barely miss the goblin. Your headbutt misses the goblin.
The goblin hits you with a +0 dagger.
* * * LOW HITPOINT WARNING * * *
The hobgoblin hits you.
* * * LOW HITPOINT WARNING * * *
Robin of the Strong Arm comes into view.
They are wielding a +0 whip.
The hobgoblin hits you.
* * * LOW HITPOINT WARNING * * *
You closely miss the goblin. The goblin hits you with a +0 dagger.
* * * LOW HITPOINT WARNING * * *
You barely miss the hobgoblin.
The hobgoblin is almost dead.
The hobgoblin barely misses you. The goblin hits you with a +0 dagger.
You die...

#. #.#..#.# .### .
#. ..#(# ... #
#.#. ....## ..#.
## #.#. #.#.. ...
.. #...
#.#.####.##.# #..
#.#..(.....
#..##..)...#.##.#
#.@gg).<).?(<..#
#.g#####..#.g###
#... .....#...g.
#...##....#...##..
#.#.####..#.....
#. .. #..#...##.
.. #. ##.#...# .
.. .. #.#...#


You could see a hobgoblin and 2 goblins.

Vanquished Creatures
  A worm (D:2)
  3 dart slugs (D:1)
  4 ball pythons
  6 endoplasms
  3 giant cockroaches
  8 goblins
  2 hobgoblins (D:2)
  3 jackals (D:1)
  5 bats
  4 frilled lizards
  4 kobolds
43 creatures vanquished.

Vanquished Creatures (others)
  A kobold (D:1)
1 creature vanquished.

Grand Total: 44 creatures vanquished

Notes
Turn   | Place    | Note
-------+----------+-------------------------------------------
     0 | D:1      | GigaChad the Minotaur Hunter began the quest for the Orb.
     0 | D:1      | Reached XP level 1. HP: 18/18 MP: 0/0
   297 | D:1      | Reached XP level 2. HP: 19/25 MP: 1/1
   432 | D:1      | Found Nethreimo's Book Shop.
   438 | D:1      | Reached skill level 5 in Bows
   999 | D:2      | Reached XP level 3. HP: 30/30 MP: 2/2
  1102 | D:2      | Found a burning altar of Makhleb.
  1137 | D:2      | Became a worshipper of Makhleb the Destroyer
  1637 | D:2      | Reached skill level 1 in Stealth
  2064 | D:3      | Noticed Robin
  2069 | D:3      | Slain by a goblin

Illustrated notes

Levels and vault maps discovered:
D:1:      mrwooster_arrival_statue_2, layout_basic, serial_shops, shop,
          chequers_serial_rivers_room_a
D:2:      layout_basic, basic_altar
D:3:      layout_basic, uniq_jessica, uniq_robin

Skill      XL: |  1  2  3 |
---------------+----------+-----
Bows           | 5 |  5.6
Stealth        | 1 |  1.1
Fighting       | |  2.7
Armour         | |  0.8
Dodging        | |  2.2

Action                   || total
-------------------------++-------
Melee: Short sword       ||    13
       Headbutt          ||     1
 Fire: Shortbow          ||    92
  Use: Scroll            ||     4
Armor: Leather armour    ||    14
Dodge: Dodged            ||    39
